 Dungeon Crawl Stone Soup version 0.28-a0-305-g9e858e973b (webtiles) character file.

Game seed: 3144430785020814255

3742 Saint the Covert (level 9, 0/57 HPs)
             Began as a Vampire Enchanter on Aug 29, 2021.
             Was a Priest of Wu Jian.
             Slain by a gnoll (14 damage)
             ... in a bailey.
             The game lasted 00:25:20 (8724 turns).

Saint the Covert (Vampire Enchanter)                Turns: 8724, Time: 00:25:21

Health: 0/57       AC:  6    Str:  9    XL:     9   Next: 93%
Magic:  5/13       EV: 13    Int: 19    God:    Wu Jian [***...]
Gold:   616        SH:  0    Dex: 20    Spells: 2/13 levels left

rFire   . . .      SeeInvis +   a - +4 short sword (venom)
rCold   . . .      Faith    +   (no shield)
rNeg    . . .      Spirit   .   v - +0 robe
rPois   .          Reflect  .   e - +2 helmet
rElec   .          Harm     .   (no cloak)
rCorr   .          Rampage  .   n - +0 pair of gloves
Will    +....                   (no boots)
Stlth   ++++++....              u - amulet of faith
HPRegen 0.39/turn               r - +6 ring of dexterity
MPRegen 0.13/turn               W - ring of willpower

@: confusing by touch, healing quickly, studying Slings
A: alive, fangs 3, see invisible, vampiric 2
a: Exsanguinate, Renounce Religion, Wall Jump, Serpent's Lash


You were in a bailey.
You worshipped Wu Jian.
Wu Jian was most pleased with you.
You visited 2 branches of the dungeon, and saw 8 of its levels.
You also visited: Ossuary and Bailey.

You collected 616 gold pieces.

Inventory:

Hand Weapons
 a - a +4 short sword of venom (weapon)
   (You took it off Duvessa on level 6 of the Dungeon)
 b - a +2 dagger of venom
   (You took it off an orc on level 4 of the Dungeon)
 p - a +1 dagger of speed
   (You took it off an orc on level 3 of the Dungeon)
Missiles
 g - 3 boomerangs
 i - 31 sling bullets
 k - 29 arrows
 l - 4 throwing nets {!d}
 m - 4 silver javelins
 q - 24 poisoned darts (quivered)
 s - 168 stones
Armour
 e - a +2 helmet (worn)
   (You found it on level 1 of the Dungeon)
 n - a +0 pair of gloves (worn)
   (You found it on level 3 of the Dungeon)
 v - a +0 robe (worn)
 x - the +1 scale mail of Joy {Int+8 Dex-3 SInv}
   (You took it off a gnoll in a bailey)

   Int:       It affects your intelligence (+8).
   Dex:       It affects your dexterity (-3).
   SInv:      It lets you see invisible.
Magical Staves
 t - a staff of death {rN+}
   (You took it off a goblin on level 3 of the Dungeon)
Jewellery
 r - a +6 ring of dexterity (left hand)
   (You found it on level 2 of the Dungeon)
 u - an amulet of faith (around neck)
   (You found it on level 4 of the Dungeon)
 y - a ring of flight {+Fly, !d}
   (You found it on level 4 of the Dungeon)
 W - a ring of willpower (right hand)
   (You found it on level 6 of the Dungeon)
Wands
 j - a wand of polymorph (4)
   (You found it on level 6 of the Dungeon)
Scrolls
 f - 3 scrolls of amnesia
 w - 2 scrolls of noise {!r}
 z - a scroll of enchant armour
 C - a scroll of fog
Potions
 c - a potion of lignification {unknown}
 d - a potion of magic {unknown}
 h - a potion of attraction {unknown}
 o - 2 potions of might {unknown}
 B - 2 potions of degeneration {!q}
 D - a potion of brilliance {unknown}
 G - 3 potions of ambrosia {!q}
 I - a potion of invisibility
 J - 2 potions of curing {@q1}
 L - 3 potions of flight
 N - a potion of heal wounds {@q2}
 U - 3 potions of mutation {!q}


   Skills:
 + Level 9.2 Short Blades
 - Level 2.1 Dodging
 + Level 12.9 Stealth
 - Level 2.6 Spellcasting
 - Level 12.0 Hexes


You had 2 spell levels left.
You knew the following spells:

 Your Spells              Type           Power      Damage    Failure   Level
a - Ensorcelled Hibernat  Hex/Ice        50%        N/A       1%          2
b - Confusing Touch       Hex            48%        N/A       1%          3
c - Tukima's Dance        Hex            48%        N/A       1%          3
d - Dazzling Flash        Conj/Hex       50%        N/A       4%          3

Your spell library contained the following spells:

 Spells                   Type           Power      Damage    Failure   Level


Dungeon Overview and Level Annotations

Branches:
Dungeon (7/15)             Temple (1/1) D:4         Ossuary (visited)
 Bailey (1/1)

Altars:
Ashenzari
Cheibriados
Dithmenos
Elyvilon
Fedhas
Hepliaklqana
Kikubaaqudgha
Makhleb
Nemelex Xobeh
Okawaru
Qazlal
Ru
Sif Muna
Trog
Wu Jian
Xom
Zin
The Shining One

Shops:
D:1 !   D:2 =   D:3 (   D:6 :   D:7 !(:[[


Innate Abilities, Weirdness & Mutations

Your natural rate of healing is accelerated.
You have razor-sharp teeth.
You have supernaturally acute eyesight. (SInv)
You are afflicted with vampirism and can become a bat while bloodless.


Message History

Things that are here:
a +0 glaive; a +0 chain mail
Aim: a gnoll shaman, wielding a +0 trident and wearing a +0 scale mail (wandering, hasn't noticed you, chance to affect: 54%)
The gnoll shaman shouts!
The gnoll shaman looks drowsy...
You hear a shout!
You now have 7/13 mp.
A gnoll comes into view. It is wielding a +0 trident.
A gnoll comes into view. It is wielding a +0 halberd.
A gnoll sergeant comes into view. It is wielding a +0 halberd.
A gnoll sergeant comes into view. It is wielding a +0 glaive.
You spin and attack the gnoll repeatedly.
You barely miss the gnoll.
The gnoll shouts!
The gnoll sergeant shouts! x2
Your bite misses the gnoll. You hit the gnoll but do no damage.
The gnoll is poisoned.
The gnoll shaman shouts!
The gnoll misses you. The gnoll shaman barely misses you. The gnoll misses you.
You hit the gnoll shaman but do no damage.
The gnoll shaman is poisoned.
The gnoll barely misses you.
You spin and attack the gnoll repeatedly.
You hit the gnoll.
The gnoll looks as sick as possible!
You barely miss the gnoll.
The gnoll shaman hits you from afar with a +0 trident.
The gnoll misses you.
You take 6 damage, and have 51/57 hp.
The gnoll completely misses you.
The gnoll throws a throwing net.
The throwing net hits you.
You become entangled in the net!
There is an open door, spattered with blood here.
Things that are here:
a throwing net {!d}; a +0 glaive; a +0 chain mail You struggle against the net.
You kill the gnoll!
The Council accepts your kill.
You struggle against the net.
You struggle against the net.
The gnoll hits you from afar with a +0 halberd!
You take 10 damage, and have 43/57 hp.
You shred the net and break free! The gnoll barely misses you.
The gnoll sergeant hits you from afar with a +0 halberd.
You take 5 damage, and have 38/57 hp.
There is an open door here.
Things that are here:
a +0 halberd; a gnoll skeleton The gnoll sergeant is dazzled.
You now have 7/13 mp.
Unknown command.
The gnoll closely misses you.
You hit the gnoll sergeant but do no damage.
The gnoll sergeant is poisoned.
The gnoll sergeant barely misses you.
The gnoll hits you from afar with a +0 halberd!
You take 11 damage, and have 31/57 hp.
You spin and attack the gnoll sergeant repeatedly.
You hit the gnoll sergeant.
The gnoll sergeant looks as sick as possible!
Your bite misses the gnoll sergeant. You barely miss the gnoll sergeant.
You kill the gnoll shaman!
The Council accepts your kill. The gnoll barely misses you.
Things that are here:
a +0 halberd; a gnoll skeleton The gnoll sergeant is no longer blind.
There is an open door here.
Items here: )) [[.
Items here: )) [[ †.
Items here: ) [[ †.
There is an open gate here.
Things that are here:
a +3 chain mail; a +0 glaive
Items here: )) [[ †.
You kill the gnoll sergeant!
The Council accepts your kill.
Things that are here:
a +0 halberd; a +0 plate armour
Aim: a gnoll sergeant, wielding a +0 halberd and wearing a +0 chain mail (chance to affect: 54%)
The gnoll sergeant looks drowsy...
You now have 7/13 mp.
Things that are here:
a +0 halberd; a +0 plate armour You lunge at the gnoll sergeant.
The helpless gnoll sergeant fails to defend itself.
You skewer the gnoll sergeant like a kebab!!!!
You kill the gnoll sergeant!
The Council accepts your kill. The gnoll barely misses you.
Items here: )) [[ †.
Your hands begin to glow red.
The gnoll hits you with a +0 halberd!
Unknown command.
You take 8 damage, and have 29/57 hp.
You now have 4/13 mp.
You hit the gnoll but do no damage. The gnoll hits you with a +0 halberd!
You take 9 damage, and have 20/57 hp.
You completely miss the gnoll. The gnoll hits you with a +0 halberd!
* * * LOW HITPOINT WARNING * * *
You take 7 damage, and have 13/57 hp.
You hit the gnoll but do no damage.
You spin and attack the gnoll.
You closely miss the gnoll. The gnoll hits you with a +0 halberd!
You die...

♣∩♣ ♣.♣ ♣♣.♣♣
♣♣♣♣.∩.♣♣
♣♣...)...♣♣♣♣
♣♣♣....)......♣♣♣
♣♣.......).).....♣
♣♣≈≈≈≈≈≈≈)).≈≈≈≈≈≈≈♣
♣≈≈......g@.......≈≈
♣≈.....).))........≈
♣≈.######'''######.≈
♣≈. #.))# .≈ ♣≈#
#.).# ♣≈ ...#.).#
8... ##'##
....##...##
..##...).##


You could see a gnoll.

Vanquished Creatures
  Pikel (D:6)
  Duvessa (D:6)
  3 water moccasins
  4 ice beasts
  2 black bears
  2 necrophages (D:6)
  The ghost of snackwell the Charlatan, an amateur GnAr of Ru (D:3)
  An ogre (D:5)
  A lemure (D:6)
  A phantom (D:7)
  8 gnoll sergeants (Bailey)
  2 scorpions
  Dowan (D:6)
  4 water moccasin zombies
  3 centaur zombies
  2 bullfrog skeletons
  6 gnoll shamans (Bailey)
  4 hounds
  An orc priest (D:4)
  A jelly (D:4)
  2 centaur skeletons
  2 iguanas (D:6)
  An orc wizard (D:6)
  Terence (D:3)
  A hound zombie (D:5)
  A hound skeleton (D:5)
  2 mummies (Ossuary)
  A howler monkey zombie (D:6)
  12 gnolls (Bailey)
  4 adders
  2 ufetubi (D:6)
  An adder zombie (Ossuary)
  3 worms
  A dart slug (D:4)
  22 orcs
  7 bats
  5 endoplasms
  2 giant cockroaches
  4 gnoll zombies (Ossuary)
  5 goblins
  5 hobgoblins
  4 jackals (D:2)
  3 quokkas
  4 ball pythons
  A frilled lizard (D:3)
  A goblin zombie (D:5)
  5 hobgoblin zombies (Ossuary)
  8 kobolds
  4 kobold zombies (Ossuary)
  5 orc zombies (Ossuary)
  17 rats
185 creatures vanquished.

Notes
Turn   | Place    | Note
-------+----------+-------------------------------------------
     0 | D:1      | Saint the Vampire Enchanter began the quest for the Orb.
     0 | D:1      | Reached XP level 1. HP: 13/13 MP: 3/3
   183 | D:1      | Reached XP level 2. HP: 18/19 MP: 5/5
   193 | D:1      | Learned a level 2 spell: Ensorcelled Hibernation
   565 | D:1      | Found Paarghuobo's Distillery.
   940 | D:2      | Reached skill level 5 in Hexes
   962 | D:2      | Reached skill level 2 in Short Blades
  1112 | D:2      | Gained mutation: You are afflicted with vampirism and can
                  | become a bat while bloodless. [Vampire growth]
  1112 | D:2      | Reached XP level 3. HP: 24/24 MP: 6/6
  1272 | D:2      | Found Nick's Jewellery Emporium.
  1358 | D:2      | Learned a level 3 spell: Confusing Touch
  2157 | D:3      | Reached XP level 4. HP: 30/30 MP: 3/8
  2307 | D:3      | Found a runed translucent gate.
  2310 | D:3      | Found a runed translucent gate.
  2312 | D:3      | Found a runed translucent gate.
  2313 | D:3      | Noticed snackwell's ghost (amateur GnAr)
  2463 | D:3      | Found Noaqiv's Weapon Boutique.
  2668 | D:3      | Noticed Terence
  2682 | D:3      | Killed Terence
  2683 | D:3      | Reached skill level 5 in Stealth
  3058 | D:3      | Killed snackwell's ghost
  3059 | D:3      | Reached skill level 3 in Short Blades
  3059 | D:3      | Reached skill level 6 in Hexes
  3059 | D:3      | Reached XP level 5. HP: 22/35 MP: 5/9
  3225 | D:3      | Reached skill level 6 in Stealth
  3251 | D:3      | Reached XP level 6. HP: 41/41 MP: 5/10
  3515 | D:4      | Reached skill level 4 in Short Blades
  3698 | D:4      | Reached skill level 7 in Hexes
  3824 | D:4      | Found a staircase to the Ecumenical Temple.
  3833 | Temple   | Entered the Ecumenical Temple
  4039 | Temple   | Became a worshipper of the Wu Jian Council
  4674 | D:5      | Entered Level 5 of the Dungeon
  4686 | D:5      | Reached skill level 7 in Stealth
  4702 | D:5      | Reached XP level 7. HP: 41/46 MP: 11/11
  4809 | D:5      | Reached skill level 5 in Short Blades
  4809 | D:5      | Reached skill level 8 in Hexes
  4813 | D:5      | Reached skill level 8 in Stealth
  4878 | D:5      | Found a sand-covered staircase.
  4894 | Ossuary  | Entered an ossuary
  5004 | Ossuary  | Reached * piety under Wu Jian
  5181 | D:5      | HP: 1/46 [ogre (17)]
  5471 | D:5      | Reached skill level 9 in Stealth
  5471 | D:5      | Reached XP level 8. HP: 52/52 MP: 9/12
  5591 | D:5      | Reached skill level 6 in Short Blades
  5591 | D:5      | Reached skill level 9 in Hexes
  6141 | D:6      | Noticed Dowan
  6149 | D:6      | Noticed Duvessa
  6177 | D:6      | Reached ** piety under Wu Jian
  6283 | D:6      | Reached skill level 10 in Stealth
  6370 | D:6      | Noticed Pikel
  6382 | D:6      | Killed Pikel
  6383 | D:6      | Reached skill level 7 in Short Blades
  6383 | D:6      | Reached skill level 10 in Hexes
  6383 | D:6      | Reached XP level 9. HP: 57/57 MP: 4/13
  6392 | D:6      | Learned a level 3 spell: Tukima's Dance
  6396 | D:6      | Learned a level 3 spell: Dazzling Flash
  6489 | D:6      | Reached skill level 11 in Stealth
  6564 | D:6      | Found Mamohac's Book Boutique.
  6770 | D:6      | Found a bloodstained altar of Trog.
  6770 | D:6      | Found a broken altar of Ashenzari.
  6864 | D:6      | Reached skill level 11 in Hexes
  6922 | D:6      | Reached skill level 8 in Short Blades
  7621 | D:6      | Killed Duvessa
  7623 | D:6      | Killed Dowan
  7791 | D:7      | Found Quuc's Armour Shop.
  7821 | D:7      | Found Gatus's Weapon Emporium.
  7821 | D:7      | Found Emer Cun's Armour Emporium.
  7821 | D:7      | Found Mialim's Distillery.
  7822 | D:7      | Found Ecwoenku's Book Emporium.
  7899 | D:7      | Found a flagged portal.
  7907 | Bailey   | Entered a bailey
  7918 | Bailey   | Reached skill level 12 in Stealth
  8059 | Bailey   | HP: 14/57 [gnoll sergeant (9)]
  8068 | Bailey   | HP: 4/57 [gnoll sergeant (13)]
  8321 | Bailey   | Reached *** piety under Wu Jian
  8430 | Bailey   | Identified the +1 scale mail of Joy {Int+8 Dex-3 SInv}
  8537 | Bailey   | Reached skill level 12 in Hexes
  8600 | Bailey   | Reached skill level 9 in Short Blades
  8722 | Bailey   | HP: 13/57 [gnoll (7)]
  8724 | Bailey   | Slain by a gnoll

Illustrated notes

Levels and vault maps discovered:
D:1:      dpeg_arrival_rooms_c, layout_loops_ring, serial_shops, shop
D:2:      layout_loops_ring, serial_shops,
          nicolae_shop_temple_entry_statues_fountains, minmay_rat_gold_closets
D:3:      layout_loops_ring, serial_rivers, chequers_serial_rivers_large_b,
          chequers_serial_rivers_room_a, chequers_serial_rivers_micro_b,
          chequers_serial_rivers_small_3, chequers_serial_rivers_room_a,
          gammafunk_ghost_necromancy, serial_shops, shop, uniq_terence
D:4:      layout_loops_ring, minmay_temple_entry_sparse_star
D:5:      layout_basic, lemuel_coloured_pillars_altar, enter_ossuary_3,
          kennysheep_small_circle
D:6:      layout_basic, gammafunk_temple_overflow_wave, serial_shops,
          nicolae_shop_statue_plus, minmay_statues_item, st_stairs_12,
          kennysheep_pointless_box, minmay_misc_feat_columns,
          minmay_manual_mullet, uniq_crazy_yiuf_cottage, uniq_pikel,
          uniq_duvessa
D:7:      layout_cave_pods, vehumet_crystals, amcnicky_altar_gilded,
          serial_shops, shop, enter_bailey_6, minmay_shop_grid_forest,
          hangedman_decor_opposing, minmay_misc_feat_square
Temple:   regret_index_temple_generic_petals
Bailey:   bailey_polearm_gnolls_kennysheep, bailey

Skill      XL: |  1  2  3  4  5  6  7  8  9 |
---------------+----------------------------+-----
Hexes          | 5 6 7 8 10 12 | 12.0
Short Blades   | 2 3 4 5 7 9 |  9.2
Stealth        | 5 6 7 9 10 12 | 12.9
Dodging        | |  2.1
Spellcasting   | |  2.6

Action                   |  1- 3 |  4- 6 |  7- 9 || total
-------------------------+-------+-------+-------++-------
Melee: Dagger            |   116 |    99 |   283 ||   498
       Bite              |    12 |    16 |    44 ||    72
       Short sword       |       |       |    75 ||    75
Throw: Stone             |    11 |     3 |     2 ||    16
       Dart              |       |       |     4 ||     4
 Cast: Ensorcelled Hiber |    27 |    15 |    32 ||    74
       Confusing Touch   |       |    13 |    35 ||    48
       Dazzling Flash    |       |       |     6 ||     6
       Tukima's Dance    |       |       |     2 ||     2
Invok: Lunge             |       |     3 |    41 ||    44
       Whirlwind         |       |       |   112 ||   112
  Use: Scroll            |     2 |       |    14 ||    16
       Potion            |       |       |     1 ||     1
 Stab: Sleeping          |    30 |    13 |    44 ||    87
       Confused          |       |    14 |    28 ||    42
       Invisible         |       |       |     3 ||     3
Armor: Robe              |    31 |    12 |    73 ||   116
Dodge: Dodged            |    62 |    40 |   175 ||   277

Table legend: (Time is in decaauts)
 A = Elapsed time spent in this place.
 B = Non-inter-level travel time spent in this place.
 C = Inter-level travel time spent in this place.
 D = Time resting spent in this place.
 E = Time spent auto-exploring this place.
 F = Levels seen in this place.
 G = Mean time per level.
                   A        B        C        D        E       F      G
               +--------+--------+--------+--------+--------+-----+--------+
         Total |   8667 |   8433 |    234 |    102 |   6560 |  10 |  866.7 |
       Dungeon |   7429 |   7220 |    209 |     28 |   5851 |   7 | 1061.3 |
        Temple |    231 |    206 |     25 |      0 |    183 |   1 |  231.0 |
       Ossuary |    195 |    195 |      0 |      0 |     67 |   1 |  195.0 |
        Bailey |    811 |    811 |      0 |     74 |    459 |   1 |  811.0 |
               +--------+--------+--------+--------+--------+-----+--------+

Top non-repeatable levels by time:
     D:3: 1664 daAuts
     D:6: 1664 daAuts
     D:4: 1122 daAuts
     D:5: 1048 daAuts
     D:2: 951 daAuts
  Bailey: 811 daAuts
     D:1: 774 daAuts
  Temple: 231 daAuts
     D:7: 204 daAuts
 Ossuary: 195 daAuts

Table legend:
 A = Kills in this place as a percentage of kills in entire the game.
 B = Kills by you in this place as a percentage of kills by you in the entire game.
 C = Kills by friends in this place as a percentage of kills by friends in the entire game.
 D = Other kills in this place as a percentage of other kills in the entire game.
 E = Experience gained in this place as a percentage of experience gained in the entire game.
 F = Experience gained in this place divided by the number of levels of this place that you have seen.
                   A       B       C       D       E      F
               +-------+-------+-------+-------+-------+----------------------
         Total | 100.0 | 100.0 |   N/A | 100.0 | 100.0 | 534.7
       Dungeon |  71.7 |  72.0 |   N/A |  50.0 |  72.3 | 552.4
       Ossuary |  13.0 |  13.2 |   N/A |   0.0 |   5.5 | 292.0
        Bailey |  15.2 |  14.8 |   N/A |  50.0 |  22.2 | 1188.0
               +-------+-------+-------+-------+-------+----------------------
